 Dungeon Crawl Stone Soup version 0.27-a0-13-g87abb2d9eb (webtiles) character file.

Game seed: 10351459243737821104

636939 teolandon225 the Imperceptible (level 27, -9/225 HPs)
             Began as a Minotaur Berserker on Jan 2, 2021.
             Was a High Priest of Trog.
             Killed from afar by an orb of fire (29 damage)
             ... with a bolt of fire
             ... on level 5 of the Realm of Zot on Jan 3, 2021.
             The game lasted 03:54:00 (62351 turns).

teolandon225 the Imperceptible (MiBe)              Turns: 62351, Time: 03:54:00

Health: -9/225     AC: 29    Str: 42    XL:     27
Magic:  10/10      EV: 22    Int: 10    God:    Trog [*****.]
Gold:   5556       SH: 12    Dex: 14    Spells: 26/26 levels left

rFire    + . .     SeeInvis .   I - +9 broad axe (vamp)
rCold    + + .     Faith    .   H - +2 buckler {reflect}
rNeg     . . .     Spirit   .   G - +8 plate armour {rC+}
rPois    +         Reflect  +   u - +1 hat "Puenli" {Rampage rC- MP-9 Str+8}
rElec    .         Harm     .   o - scarf {rC+ rF+}
rCorr    +         Rampage  +   S - +1 pair of gloves of Xom's Indignation {rF+ Will+ rCorr}
Will     +++..                  P - +0 pair of boots of Taxtaf {Regen+ rCorr MP-9 Str+2}
Stlth    +++++.....             m - amulet of Myucvenext {Reflect *Slow rPois Int+6 SH+5 Stlth+}
HPRegen  0.87/turn              s - ring "Nyamp" {Ice Str-2 Slay+4 Stlth+}
MPRegen  0.12/turn              t - ring "Urghifoa" {rCorr MP+9 Str+3 Slay+4 Stlth-}

@: silence, berserk cooldown, slowed, very slow
A: retaliatory headbutt, horns 2, deformed body, frail 1, low mp 1, mutation
resistance 1, screaming 1
}: 3/15 runes: decaying, serpentine, silver
a: Renounce Religion


You were on level 5 of the Realm of Zot.
You worshipped Trog.
Trog was extremely pleased with you.
You visited 9 branches of the dungeon, and saw 49 of its levels.
You visited the Abyss 1 time.
You visited 1 bazaar.
You also visited: Ice Cave.

You collected 10478 gold pieces.
You spent 4922 gold pieces at shops.

Inventory:

Hand Weapons
 a - the +9 battleaxe of the Thing {drain, rF+ Str+4 Int+4}
   (You took it off an orc knight on level 14 of the Dungeon)

   A truly terrible weapon, it drains the life of those it strikes.
   It affects your strength (+4).
   It affects your intelligence (+4).
   It protects you from fire.
 f - the +11 battleaxe "Inloytoess" {vorpal, rC+ rN++ Str-5 Dex+2}
   (You acquired it on level 10 of the Dungeon)

   It inflicts extra damage upon your enemies.
   It affects your strength (-5).
   It affects your dexterity (+2).
   It protects you from cold.
   It greatly protects you from negative energy.
 k - a +4 executioner's axe of flaming
 I - a +9 vampiric broad axe (weapon)
 M - the +7 battleaxe of the Realm of Zot {vorpal, rElec rPois rC+ Int+3}
   (Trog gifted it to you on level 3 of the Swamp)

   It inflicts extra damage upon your enemies.
   It affects your intelligence (+3).
   It protects you from cold.
   It insulates you from electricity.
   It protects you from poison.
 Y - a +1 antimagic executioner's axe
Missiles
 z - 38 boomerangs (quivered)
Armour
 o - a scarf of resistance (worn)
 q - a +2 chain mail of poison resistance
 u - the +1 hat "Puenli" (worn) {Rampage rC- MP-9 Str+8}
   (You acquired it on level 3 of the Swamp)

   It affects your strength (+8).
   It makes you vulnerable to cold.
   It affects your magic capacity (-9).
   It bestows one free step when moving towards enemies.
 A - +0 gold dragon scales
 G - a +8 plate armour of cold resistance (worn)
 H - a +2 buckler of reflection (worn)
 N - the +2 hood of the Assassin {Detection Stab+ Stlth++}
   (You found it on level 3 of the Elven Halls)

   It makes you much more stealthy.
 P - the +0 pair of boots of Taxtaf (worn) {Regen+ rCorr MP-9 Str+2}
   (You acquired it on level 4 of the Swamp)

   It affects your strength (+2).
   It affects your magic capacity (-9).
   It increases your rate of regeneration.
   It provides partial protection from all sources of acid and corrosion.
 S - the +1 pair of gloves of Xom's Indignation (worn) {rF+ Will+ rCorr}
   (You found it on level 2 of the Swamp)

   It protects you from fire.
   It affects your willpower, your defense against some magical effects.
   It provides partial protection from all sources of acid and corrosion.
 T - a +0 plate armour of willpower
Jewellery
 m - the amulet of Myucvenext (around neck) {Reflect *Slow rPois Int+6 SH+5 Stlth+}
   (You took it off a spriggan defender on level 2 of the Depths)

   [amulet of reflection]

   It shields you and reflects attacks.
   It affects your intelligence (+6).
   It protects you from poison.
   It may slow you when you take damage.
   It affects your SH (+5).
   It makes you more stealthy.
 s - the ring "Nyamp" (left hand) {Ice Str-2 Slay+4 Stlth+}
   (You took it off a fire giant on level 2 of the Depths)

   [ring of ice]

   It enhances your ice magic.
   It affects your strength (-2).
   It affects your accuracy and damage with ranged weapons and melee attacks
   (+4).
   It makes you vulnerable to fire.
   It protects you from cold.
   It makes you more stealthy.
 t - the ring "Urghifoa" (right hand) {rCorr MP+9 Str+3 Slay+4 Stlth-}
   (You found it on level 2 of the Depths)

   [ring of resist corrosion]

   It affects your strength (+3).
   It affects your accuracy and damage with ranged weapons and melee attacks
   (+4).
   It affects your magic capacity (+9).
   It provides partial protection from all sources of acid and corrosion.
   It makes you less stealthy.
 K - the ring "Jyfiroll" {*Slow +Fly Will+ Dex+4 SInv}
   (You found it on level 2 of the Elven Halls)

   [ring of see invisible]

   It affects your dexterity (+4).
   It affects your willpower, your defense against some magical effects.
   It lets you see invisible.
   It lets you fly.
   It may slow you when you take damage.
 O - the ring "Zigul" {rF+ Stlth+}
   (You took it off a deep elf death mage on level 3 of the Elven Halls)

   [ring of protection from fire]

   It protects you from fire.
   It makes you more stealthy.
Wands
 j - a wand of digging (4)
 l - a wand of flame (149)
 p - a wand of disintegration (35)
 y - a wand of iceblast (22)
 D - a wand of acid (41)
 E - a wand of polymorph (11)
 L - a wand of random effects (57)
 Q - a wand of paralysis (30)
Scrolls
 b - 2 scrolls of holy word
 c - 12 scrolls of identify
 g - 18 scrolls of remove curse
 i - 14 scrolls of teleportation
 r - 6 scrolls of fog
 B - 6 scrolls of fear
 C - 2 scrolls of magic mapping
 F - a scroll of enchant armour
 U - 2 scrolls of silence
 W - 8 scrolls of enchant weapon
Potions
 d - 17 potions of curing
 e - 3 potions of cancellation
 h - 6 potions of invisibility
 n - 2 potions of magic
 v - 3 potions of ambrosia
 w - 6 potions of haste
 x - 7 potions of lignification
 J - 8 potions of might
 R - 8 potions of heal wounds
 X - 8 potions of flight
 Z - 6 potions of resistance


   Skills:
 + Level 21.5 Fighting
 + Level 25.1 Axes
 - Level 1.5(17.4) Maces & Flails
 - Level 2.3(17.4) Polearms
 * Level 22.8 Armour
 * Level 21.3 Dodging
 - Level 25.6 Stealth
 - Level 4.0 Shields


You had 26 spell levels left.
You didn't know any spells.
Your spell library was empty.

Dungeon Overview and Level Annotations

Branches:
Dungeon (15/15)            Temple (0/1) D:6            Lair (6/6) D:11
  Swamp (4/4) Lair:3        Snake (4/4) Lair:3        Slime (0/5) Lair:6
    Orc (2/2) D:10            Elf (3/3) Orc:2        Vaults (5/5) D:14
  Crypt (0/3) Vaults:2     Depths (5/5) D:15            Zot (5/5) Depths:5
  IceCv (visited)

Altars:
Cheibriados
Elyvilon
Fedhas
Gozag
Hepliaklqana
Makhleb
Okawaru
Ru
Sif Muna
Uskayaw
Vehumet
Wu Jian
Xom
Beogh
Jiyva

Shops:
D:10 [   Orc:2 }(([   Elf:1 *   Elf:2 }   Snake:2 *(*   Snake:3 }}=
Vaults:1 :   Vaults:3 ?   Vaults:5 !![(}}

Portals:
Hell: Depths:1 Depths:2 Depths:3 Depths:4 Depths:5
Abyss: Depths:1 Depths:4 Depths:5
Pandemonium: Depths:1 Depths:2 Depths:3 Depths:5
Ziggurat: Depths:5

Annotations:
D:11 exclusion: downstairs
D:12 exclusion: downstairs
D:14 exclusion: downstairs
Lair:2 exclusions: downstairs and 3 oklob plants
Lair:4 exclusion: downstairs
Lair:5 1 runed translucent door
Swamp:3 exclusion: 2 downstairs
Depths:3 exclusion: downstairs
Depths:5 exclusions: floating eye and 3 more exclusions


Innate Abilities, Weirdness & Mutations

You reflexively headbutt those who attack you in melee.
You have a pair of horns on your head.
Armour fits poorly on your strangely shaped body.
You are frail. (-10% HP)
Your magical capacity is low. (-10% MP)
You are somewhat resistant to further mutation.
You occasionally shout uncontrollably at your foes.


Message History

You feel sick.
The orb of fire glows yellow.
The bolt of fire misses you.
The red draconian hits you but does no damage.
You block the white draconian's attack.
You cut the red draconian into ribbons!!!
You feel better.
You kill the red draconian!
Trog accepts your kill.
The orb of fire glows yellow.
The bolt of fire hits you!! You resist.
* * * LOW HITPOINT WARNING * * *
The orb of fire emits a lurid red light.
The fireball explodes!
The fireball engulfs you! You resist.
* * * LOW HITPOINT WARNING * * *
You block the white draconian's attack.
You feel better.
The orb of fire glows bright magenta.
The bolt of fire hits you!! You resist.
You die...

.....#* ##.........^......##
..^..# ##..................##
....## #.....^..............#
....# #..................§.#
....## #^...................#
.....# #....................#
....(## #....................#
......###........)d..........#
####...###..^...@*)...^.....##
##....##................##
###............*......##
#▓▓▓▓▓▓▓▓▓▓▓##X....▓▓
****,,,,,,,,§......**
***,,,,,,,,,,.........**
**,,,,,,,,,,,,,,......,,** ***
*,,,,,,,,,,,,,,,,,...,,,,*
,^***,,,,,,,,,,,,,,,,,,,,,,,,*


You could see 2 orbs of fire, a tentacled monstrosity and a white draconian.

Vanquished Creatures
  3 ancient liches
  2 orbs of fire
  A juggernaut (Depths:5)
  Sojobo (Vaults:5)
  2 Killer Klowns (Zot:2)
  Frederick (Depths:3)
  2 caustic shrikes
  Margery (Vaults:3)
  10 golden dragons
  Nikola (Snake:3)
  3 electric golems (Zot:2)
  3 liches
  Rupert (D:15)
  Asterion (Elf:2)
  8 Orb Guardians (Zot:5)
  6 quicksilver dragons
  16 tentacled monstrosities
  7 titans
  A deep elf blademaster (Elf:3)
  2 deep elf master archers (Elf:3)
  2 tentacled starspawn (Abyss:3)
  5 death cobs
  10 shadow dragons
  2 sphinxes
  Gastronok (Lair:2)
  18 tengu reavers
  8 storm dragons
  2 thorn hunters
  A fenstrider witch (Swamp:3)
  7 draconian monks
  7 nagarajas
  15 fire giants
  The ghost of MakMorn the Brawler, a journeyman TrTm of Hepliaklqana (D:14)
  Aizul (Elf:1)
  Louise (Depths:5)
  11 frost giants
  2 ghost moths
  An orc warlord (Vaults:5)
  12 deep elf sorcerers
  7 draconian scorchers
  5 iron dragons
  13 draconian shifters
  15 vault wardens
  15 ironheart preservers
  3 draconian stormcallers
  6 deep elf elementalists
  8 draconian knights
  11 draconian annihilators
  21 stone giants
  2 spriggan defenders
  9 green draconians
  12 very ugly things
  5 vampire knights
  8 deep elf annihilators
  2 war gargoyles (Vaults:5)
  3 starcursed masses
  7 deep elf demonologists
  27 purple draconians
  8 yellow draconians
  2 bunyips
  6 black draconians
  6 spark wasps
  A lorocyproca (Depths:3)
  12 white draconians
  An entropy weaver (Vaults:1)
  12 red draconians
  12 deep elf death magi
  A green death (Depths:2)
  3 eleionomae
  A shambling mangrove (Swamp:4)
  12 ogre magi
  12 fire dragons
  6 deep elf high priests
  A crystal guardian (Vaults:5)
  12 ettins
  17 yaktaur captains
  2 rakshasas
  9 great orbs of eyes
  10 naga warriors
  6 boulder beetles
  17 ice dragons
  A boulder beetle (shapeshifter) (Vaults:5)
  26 hydras
  29 vault guards
  A ghost crab (Swamp:3)
  9 spriggan air magi
  4 catoblepae (Lair:6)
  9 centaur warriors
  10 anacondas
  2 anacondas (shapeshifter) (Vaults:5)
  6 death knights
  29 two-headed ogres
  28 dancing weapons
  10 alligators
  2 tengu warriors (Depths:3)
  12 deep troll earth magi
  10 death yaks
  2 vampire magi (Depths:4)
  An orc high priest (Elf:2)
  7 spriggan berserkers
  13 spriggans
  10 deep troll shamans
  11 naga sharpshooters
  Sonja (Lair:2)
  9 shock serpents
  A titan skeleton (Depths:3)
  19 slime creatures
  2 salamander mystics
  21 hell knights
  A shadow wraith (Vaults:4)
  19 deep elf knights
  A spectral catoblepas (Lair:3)
  13 skeletal warriors
  4 flayed ghosts
  5 goliath frogs
  5 iron trolls
  34 deep trolls
  5 unseen horrors
  12 naga ritualists
  A sea snake (Snake:1)
  19 swamp dragons
  3 spriggan druids
  6 glowing orange brains
  8 bog bodies
  13 ironbrand convokers
  A swamp dragon (shapeshifter) (Vaults:1)
  A wolf spider zombie (D:12)
  11 deep elf archers
  A lindwurm (Lair:3)
  6 wizards
  3 phantasmal warriors (Vaults:5)
  59 deep elf magi
  Pikel (D:4)
  18 orc knights
  2 harpies (shapeshifter)
  11 necromancers
  A sphinx zombie (Vaults:2)
  A wolf spider (Vaults:5)
  48 ugly things
  12 mana vipers
  2 tengu skeletons
  6 will-o-the-wisps
  2 wolf spiders (shapeshifter) (Vaults:5)
  An orc sorcerer (Vaults:3)
  6 cyclopes
  A salamander (shapeshifter) (Vaults:4)
  2 manticores (Lair:6)
  2 rust devils
  15 salamanders
  12 elephants
  A moth of wrath (shapeshifter) (Vaults:5)
  24 moths of wrath
  A centaur zombie (D:12)
  11 vault sentinels
  A stone giant skeleton (Vaults:2)
  3 guardian serpents
  28 naga magi
  3 smoke demons
  41 black mambas
  10 cane toads
  3 torpor snails (shapeshifter)
  An ice statue (IceCv)
  Psyche (D:11)
  3 gargoyles
  An eye of devastation (shapeshifter) (Vaults:5)
  A hellion (Depths:3)
  3 rime drakes
  2 hellwings
  70 yaktaurs
  2 kobold demonologists (D:14)
  An efreet (D:12)
  An ice devil (Depths:2)
  2 ancient zymes
  5 small abominations
  14 komodo dragons
  7 freezing wraiths
  A queen bee (shapeshifter) (Vaults:4)
  4 tengu conjurers
  A jumping spider (Vaults:1)
  4 trolls
  A bloated husk (Swamp:4)
  A tengu simulacrum (Vaults:3)
  2 red devils (Depths:3)
  A hornet (shapeshifter) (Vaults:2)
  5 polar bears
  7 tyrant leeches
  A spectral lindwurm (Lair:3)
  13 hornets
  5 dream sheep (Lair:5)
  17 blink frogs
  A boulder beetle zombie (Vaults:2)
  A redback (shapeshifter) (Depths:5)
  An air elemental (Elf:2)
  2 redbacks (Vaults:1)
  36 yaks
  A large abomination (Abyss:3)
  3 water elementals
  4 wraiths
  2 wyverns
  A wyvern (shapeshifter) (Vaults:5)
  A vampire (D:11)
  A ynoxinul (Abyss:3)
  6 fire elementals
  A golden eye (shapeshifter) (Vaults:4)
  6 basilisks
  A chaos spawn (Abyss:4)
  The ghost of SkiChan the Insei, an amateur DgTm (D:4)
  A steam dragon (Lair:2)
  6 vampire mosquitoes
  Edmund (D:6)
  55 nagas
  A spectral cane toad (Lair:3)
  12 swamp worms
  7 wargs
  A soldier ant (D:14)
  33 water moccasins
  A hell hound (Depths:3)
  2 acid dragons
  12 swamp drakes
  Duvessa (D:7)
  A sky beast (D:6)
  55 orc warriors
  An ice beast (shapeshifter) (Depths:4)
  A black bear (D:8)
  12 ice beasts
  26 ogres
  3 phantoms
  A human zombie (Vaults:2)
  12 boggarts
  An orc skeleton (Vaults:2)
  14 wolves
  2 necrophages (D:11)
  26 centaurs
  4 big kobolds
  4 lemures (D:4)
  2 earth elementals
  A gnoll sergeant (D:7)
  17 bullfrogs
  A deep troll simulacrum (Vaults:2)
  A wyvern zombie (D:12)
  2 wyvern skeletons (D:6)
  A scorpion (D:13)
  Dowan (D:7)
  20 killer bees
  9 wights
  4 electric eels
  5 howler monkeys
  A bullfrog zombie (D:13)
  2 bullfrog skeletons
  A human simulacrum (Vaults:2)
  A quasit (D:10)
  17 orc priests
  6 hounds
  2 centaur skeletons
  4 jellies
  4 iguanas
  27 orc wizards
  13 worker ants
  2 hound skeletons
  4 worker ant zombies
  9 gnolls
  29 adders
  A river rat (Lair:1)
  A white imp (D:5)
  2 ufetubi
  3 oozes
  2 adder skeletons
  3 worms
  3 dart slugs
  10 leopard geckos
  108 orcs
  9 giant cockroaches
  6 goblins
  14 hobgoblins
  14 jackals
  23 kobolds
  4 quokkas
  A ball python (D:3)
  11 bats
  13 frilled lizards
  9 rats
  A crawling corpse (Elf:3)
  3 starspawn tentacles (Abyss:3)
2281 creatures vanquished.

Vanquished Creatures (collateral kills)
  A Killer Klown (Zot:2)
  A draconian stormcaller (Zot:2)
  A draconian annihilator (Zot:2)
  A black draconian (Zot:3)
  3 purple draconians (Zot:2)
  A yellow draconian (Zot:3)
  2 white draconians
  The ghost of Ganudwyg the Peltast, a journeyman MiFi of Wu Jian (Lair:3)
  Harold (D:6)
  2 hydras
  A centaur warrior (Orc:2)
  An anaconda (Snake:4)
  A dancing weapon (Elf:2)
  3 two-headed ogres
  An ogre mage (Vaults:2)
  A naga sharpshooter (Snake:4)
  A sun demon (Depths:2)
  2 deep elf knights (Elf:2)
  A spectral death yak (Lair:3)
  A naga ritualist (Snake:2)
  2 swamp dragons
  2 mana vipers (Snake:1)
  A phantasmal warrior (Vaults:2)
  An ironbrand convoker (Vaults:3)
  2 orc knights
  3 deep elf magi
  An ugly thing (Vaults:3)
  A salamander (Snake:4)
  3 elephants (Lair:6)
  2 naga magi (Snake:4)
  An ice statue (IceCv)
  A vault sentinel (Vaults:2)
  An ice devil (Depths:2)
  A freezing wraith (Vaults:2)
  2 trolls
  2 blink frogs (Lair:6)
  A hornet (Swamp:1)
  A spriggan (Swamp:1)
  A wraith (D:13)
  A spectral cane toad (Lair:3)
  2 nagas (Snake:4)
  A water moccasin (Lair:6)
  A swamp drake (Swamp:4)
  3 orc warriors
  5 ice beasts
  3 ogres
  2 boggarts (Vaults:3)
  A centaur (Orc:2)
  2 electric eels
  A bullfrog zombie (D:8)
  A komodo dragon simulacrum (Lair:3)
  3 orc wizards
  An ufetubus (D:8)
  9 orcs
  A leopard gecko zombie (D:8)
  A crawling corpse (Elf:3)
94 creatures vanquished.

Vanquished Creatures (others)
  A draconian scorcher (Zot:2)
  A red draconian (Zot:3)
  A deep elf high priest (Elf:3)
  2 spriggan berserkers
  A glowing orange brain (Vaults:5)
  A salamander (Depths:3)
  2 bloated husks
  A hornet (Swamp:4)
  A soldier ant (shapeshifter) (Vaults:5)
  A boggart (Depths:4)
  A centaur (Orc:2)
  An orc priest (Vaults:4)
  2 orcs (Vaults:5)
  3 briar patches (Swamp:4)
  14 foxfires
  23 fungi
  101 plants
  2 starspawn tentacles (Abyss:3)
159 creatures vanquished.

Grand Total: 2534 creatures vanquished

Notes
Turn   | Place    | Note
-------+----------+-------------------------------------------
     0 | D:1      | teolandon225 the Minotaur Berserker began the quest for the
                  | Orb.
     0 | D:1      | Reached XP level 1. HP: 19/19 MP: 0/0
   244 | D:1      | Reached XP level 2. HP: 22/27 MP: 1/1
   803 | D:2      | Reached XP level 3. HP: 32/33 MP: 2/2
   831 | D:2      | Reached ** piety under Trog
   965 | D:2      | Found a hazy altar of Hepliaklqana.
  1017 | D:2      | Found a shimmering altar of Xom.
  1018 | D:2      | Noticed a spectral ugly thing
  1347 | D:2      | Reached XP level 4. HP: 29/40 MP: 3/3
  2036 | D:3      | Reached skill level 5 in Axes
  2066 | D:3      | Found a radiant altar of Vehumet.
  2088 | D:3      | Found a sacrificial altar of Ru.
  2116 | D:3      | Reached *** piety under Trog
  2123 | D:3      | Reached XP level 5. HP: 27/47 MP: 4/4
  2357 | D:3      | Identified the +7 shortbow "Beastbane" {freeze, Int+7}
  3187 | D:4      | Reached XP level 6. HP: 54/55 MP: 5/5
  3266 | D:4      | Reached skill level 5 in Fighting
  3593 | D:4      | Reached **** piety under Trog
  3669 | D:4      | Reached XP level 7. HP: 40/61 MP: 6/6
  3869 | D:4      | Noticed Pikel
  3879 | D:4      | Killed Pikel
  3880 | D:4      | Reached skill level 5 in Armour
  4095 | D:4      | Reached XP level 8. HP: 69/70 MP: 7/7
  4169 | D:4      | Found a runed translucent door.
  4170 | D:4      | Noticed SkiChan's ghost (amateur DgTm)
  4187 | D:4      | Killed SkiChan's ghost
  4188 | D:4      | Reached skill level 5 in Dodging
  4353 | D:5      | Entered Level 5 of the Dungeon
  5480 | D:6      | Noticed Edmund
  5497 | D:6      | Killed Edmund
  5745 | D:6      | Reached XP level 9. HP: 79/79 MP: 8/8
  5882 | D:6      | Reached skill level 10 in Axes
  6236 | D:6      | Found a staircase to the Ecumenical Temple.
  6774 | D:7      | Lost intelligence.
  6921 | D:7      | Noticed Harold
  6950 | D:6      | Reached ***** piety under Trog
  6963 | D:6      | Killed Harold
  7137 | D:7      | Found a shimmering altar of Xom.
  7163 | D:7      | Noticed Duvessa
  7165 | D:7      | Noticed Dowan
  7173 | D:7      | Killed Dowan
  7173 | D:7      | Killed Duvessa
  7252 | D:7      | Reached XP level 10. HP: 74/90 MP: 9/9
  7427 | D:7      | Found a hide-covered altar of Uskayaw.
  7552 | D:7      | Found a blossoming altar of Fedhas.
  7809 | D:8      | Noticed a two-headed ogre
  7822 | D:8      | Killed a two-headed ogre
  7906 | D:8      | Received a gift from Trog
  7973 | D:8      | Found an ornate altar of the Wu Jian Council.
  7986 | D:8      | Noticed a two-headed ogre
  7990 | D:8      | Killed a two-headed ogre
  8667 | D:9      | Found a white marble altar of Elyvilon.
  9068 | D:10     | Entered Level 10 of the Dungeon
  9113 | D:10     | Noticed a gargoyle
  9129 | D:10     | Killed a gargoyle
  9130 | D:10     | Reached skill level 1 in Maces & Flails
  9130 | D:10     | Reached skill level 1 in Polearms
  9402 | D:10     | Noticed a gargoyle
  9408 | D:10     | Killed a gargoyle
  9409 | D:10     | Reached XP level 11. HP: 69/99 MP: 10/10
  9534 | D:10     | Noticed a two-headed ogre
  9536 | D:10     | Found a staircase to the Orcish Mines.
  9536 | D:10     | Found Ipteen's Armour Shoppe.
  9540 | D:10     | Killed a two-headed ogre
  9582 | D:10     | Reached skill level 10 in Fighting
  9746 | D:10     | Identified a scroll of acquirement
  9746 | D:10     | Acquired the +11 battleaxe "Inloytoess" {vorpal, rC+ rN++
                  | Str-5 Dex+2}
 10446 | D:11     | Noticed a red ugly thing
 10453 | D:11     | Reached skill level 10 in Armour
 10453 | D:11     | Killed a red ugly thing
 10840 | D:11     | Found a staircase to the Lair.
 10841 | D:11     | Noticed a cyan ugly thing
 10842 | D:11     | Noticed Psyche
 10852 | D:11     | Killed Psyche
 10856 | D:11     | Killed a cyan ugly thing
 11137 | D:11     | Found a shimmering blue altar of Sif Muna.
 11762 | D:12     | Noticed a deep elf mage
 11764 | D:12     | Killed an unseen horror
 11982 | D:12     | Noticed a brown ugly thing
 11992 | D:12     | Killed a brown ugly thing
 12111 | D:12     | Reached XP level 12. HP: 107/110 MP: 11/11
 12157 | D:12     | Noticed a boulder beetle
 12171 | D:12     | Killed a boulder beetle
 12172 | D:12     | Reached skill level 10 in Dodging
 12902 | Lair:1   | Entered Level 1 of the Lair of Beasts
 13111 | Lair:1   | Reached skill level 15 in Axes
 13865 | Lair:2   | Noticed Gastronok
 13875 | Lair:2   | Killed Gastronok
 14194 | Lair:2   | Noticed Sonja
 14250 | Lair:2   | Killed Sonja
 14781 | Lair:2   | Reached XP level 13. HP: 114/118 MP: 12/12
 14976 | Lair:2   | Got a smoking war axe
 14976 | Lair:2   | Identified the +9 war axe "Etomahiv" {vorpal, Int+4} (You
                  | found it on level 2 of the Lair of Beasts)
 15670 | Lair:3   | You fall into a shaft and drop 1 floor!
 15815 | Lair:3   | Found a staircase to the Snake Pit.
 15881 | Lair:3   | Found a staircase to the Swamp.
 16192 | Lair:3   | Found a runed translucent gate.
 16315 | Lair:3   | Found a runed translucent gate.
 16316 | Lair:3   | Found a runed translucent gate.
 16319 | Lair:3   | Noticed Ganudwyg's ghost (journeyman MiFi)
 16332 | Lair:3   | Killed Ganudwyg's ghost
 17527 | Lair:4   | Received a gift from Trog
 17787 | Lair:5   | Found a white marble altar of Elyvilon.
 17823 | Lair:5   | Found a runed translucent gate.
 17893 | Lair:5   | Reached XP level 14. HP: 82/129 MP: 13/13
 18095 | Lair:5   | You fall into a shaft and drop 1 floor!
 18095 | Lair:6   | Entered Level 6 of the Lair of Beasts
 18491 | Lair:6   | Found a frozen archway.
 18506 | IceCv    | Entered an ice cave
 18515 | IceCv    | Found a transporter.
 18555 | IceCv    | Found a transporter.
 19108 | Lair:6   | Found a runed translucent door.
 19108 | Lair:6   | Found a viscous altar of Jiyva.
 19109 | Lair:6   | Found a staircase to the Slime Pits.
 20781 | D:14     | Reached XP level 15. HP: 139/139 MP: 14/14
 21303 | D:14     | Found a gate to the Vaults.
 21504 | D:15     | Entered Level 15 of the Dungeon
 21670 | D:15     | Found a staircase to the Depths.
 21979 | D:15     | Found a runed translucent gate.
 21980 | D:15     | Noticed MakMorn's ghost (journeyman TrTm)
 21980 | D:15     | Found a runed translucent gate.
 21980 | D:15     | Identified the +9 battleaxe of the Thing {drain, rF+ Str+4
                  | Int+4}
 21980 | D:15     | Identified the +1 chain mail "Inwinnef" {-Tele rF+ rN+
                  | Will+}
 21981 | D:15     | Found a runed translucent gate.
 21987 | D:15     | Found a roughly hewn altar of Beogh.
 22111 | D:15     | Noticed Rupert
 22119 | D:15     | Killed Rupert
 22899 | D:14     | Killed MakMorn's ghost
 23299 | D:15     | Got a jewelled hat
 23304 | D:15     | Identified the +1 hat of the Goldsmith {Str+2} (You found
                  | it on level 15 of the Dungeon)
 23411 | Orc:1    | Entered Level 1 of the Orcish Mines
 23482 | Orc:1    | Reached skill level 15 in Fighting
 23556 | Orc:2    | Entered Level 2 of the Orcish Mines
 23763 | Orc:1    | Received a gift from Trog
 24032 | Orc:2    | Found a staircase to the Elven Halls.
 24931 | Orc:2    | Found Guoklapt's Weapon Shop.
 24931 | Orc:2    | Found Lez Faoz's Antique Weapon Shoppe.
 24933 | Orc:2    | Found Pazehar's Antique Armour Emporium.
 24935 | Orc:2    | Found Motum's Gadget Boutique.
 24946 | Orc:2    | Bought a shiny plate armour for 858 gold pieces
 25357 | Swamp:1  | Entered Level 1 of the Swamp
 25366 | Swamp:1  | Reached skill level 15 in Armour
 25366 | Swamp:1  | Reached skill level 1 in Stealth
 25709 | Swamp:1  | Got a buzzing cloak
 25719 | Swamp:1  | Identified the +3 cloak of Sif Muna's Delight {+Fly MP+9
                  | Slay-4 Stlth-} (You found it on level 1 of the Swamp)
 25762 | Swamp:1  | Noticed a thorn hunter
 25775 | Swamp:1  | Killed a thorn hunter
 26661 | Swamp:2  | Reached XP level 16. HP: 149/149 MP: 15/15
 26696 | Swamp:2  | Got a pair of distressingly furry gloves
 26706 | Swamp:2  | Identified the +1 pair of gloves of Xom's Indignation {rF+
                  | Will+ rCorr} (You found it on level 2 of the Swamp)
 27740 | Swamp:3  | Acquired the amulet "Esegeose" {rC+ Regen+}
 27752 | Swamp:3  | Acquired the +1 hat "Puenli" {Rampage rC- MP-9 Str+8}
 27985 | Swamp:3  | Received a gift from Trog
 27988 | Swamp:3  | Got a scorched battleaxe {god gift}
 27989 | Swamp:3  | Identified the +7 battleaxe of the Realm of Zot {vorpal,
                  | rElec rPois rC+ Int+3} (Trog gifted it to you on level 3 of
                  | the Swamp)
 28036 | Swamp:3  | Reached skill level 5 in Stealth
 28163 | Swamp:3  | Found an iron altar of Okawaru.
 28464 | Swamp:4  | Entered Level 4 of the Swamp
 29120 | Swamp:4  | Noticed a thorn hunter
 29138 | Swamp:4  | Killed a thorn hunter
 29179 | Swamp:4  | Reached skill level 15 in Dodging
 29280 | Swamp:4  | Reached XP level 17. HP: 159/159 MP: 7/16
 29328 | Swamp:4  | Received a gift from Trog
 29686 | Swamp:4  | Got a decaying rune of Zot
 29687 | Swamp:4  | Acquired the +0 pair of boots of Taxtaf {Regen+ rCorr MP-9
                  | Str+2}
 29803 | Snake:1  | Entered Level 1 of the Snake Pit
 30191 | Snake:1  | Found an opulent altar of Gozag.
 30915 | Snake:2  | Found Jodeg's Weapon Shoppe.
 30921 | Snake:2  | Found Huare's General Store.
 31263 | Snake:2  | Found Diucivai's General Store.
 31284 | Snake:2  | Bought 2 scrolls of identify for 72 gold pieces
 31308 | Snake:2  | Received a gift from Trog
 31479 | Snake:3  | Noticed Nikola
 31488 | Snake:3  | Killed Nikola
 31786 | Snake:3  | Reached skill level 10 in Stealth
 32087 | Snake:3  | Reached XP level 18. HP: 164/170 MP: 0/17
 32206 | Snake:3  | Found Vashruuga's Jewellery Shop.
 32207 | Snake:3  | Acquired a manual of Stealth
 32209 | Snake:3  | Found Qukunget's Gadget Shoppe.
 32209 | Snake:3  | Found Lejioleu's Gadget Shoppe.
 32222 | Snake:3  | Bought a ring of the Octopus King {AC+1 EV+1 Str+1 Int+1
                  | Dex+1 Stlth+} for 588 gold pieces
 32222 | Snake:3  | Found the ring of the Octopus King {AC+1 EV+1 Str+1 Int+1
                  | Dex+1 Stlth+}
 32313 | Snake:4  | Entered Level 4 of the Snake Pit
 32852 | Snake:4  | Received a gift from Trog
 33506 | Snake:4  | Reached skill level 15 in Stealth
 33517 | Snake:4  | Received a gift from Trog
 33616 | Snake:4  | Got a serpentine rune of Zot
 34015 | Vaults:1 | Entered Level 1 of the Vaults
 34033 | Vaults:1 | Found Tako's Book Shoppe.
 34352 | Vaults:1 | Received a gift from Trog
 34375 | Vaults:1 | Got a brightly glowing war axe {god gift}
 34389 | Vaults:1 | Identified the +6 war axe of Ytusaisy {vorpal, rF- Str+2
                  | Int+4} (Trog gifted it to you on level 1 of the Vaults)
 34696 | Vaults:1 | Reached XP level 19. HP: 124/177 MP: 0/18
 34932 | Vaults:1 | Found a snail-covered altar of Cheibriados.
 35622 | Vaults:2 | Received a gift from Trog
 37129 | Vaults:2 | Reached ****** piety under Trog
 37160 | Vaults:2 | Received a gift from Trog
 37304 | Vaults:2 | Found a staircase to the Crypt.
 37907 | Vaults:3 | Received a gift from Trog
 37984 | Vaults:3 | Reached XP level 20. HP: 184/184 MP: 1/19
 38151 | Vaults:3 | Found Ruzaeg's Magic Scroll Shop.
 38159 | Vaults:3 | Bought a scroll of identify for 20 gold pieces
 38159 | Vaults:3 | Bought a scroll of brand weapon for 200 gold pieces
 38159 | Vaults:3 | Bought a scroll of teleportation for 30 gold pieces
 38159 | Vaults:3 | Bought a scroll of enchant armour for 75 gold pieces
 38159 | Vaults:3 | Bought a scroll of teleportation for 30 gold pieces
 38159 | Vaults:3 | Bought a scroll of enchant weapon for 75 gold pieces
 38159 | Vaults:3 | Bought a scroll of identify for 20 gold pieces
 38159 | Vaults:3 | Bought a scroll of identify for 20 gold pieces
 38228 | Vaults:3 | Noticed Margery
 38243 | Vaults:3 | Killed Margery
 40267 | Elf:1    | Entered Level 1 of the Elven Halls
 40365 | Elf:1    | Received a gift from Trog
 40416 | Elf:1    | Found Sarahuda's Assorted Antiques.
 40425 | Elf:1    | Bought a scroll of magic mapping for 94 gold pieces
 40425 | Elf:1    | Bought a grey potion for 24 gold pieces
 40425 | Elf:1    | Bought 2 potions of cancellation for 432 gold pieces
 40634 | Elf:1    | Noticed Aizul
 40647 | Elf:1    | Killed Aizul
 41383 | Elf:2    | Found a radiant altar of Vehumet.
 41407 | Elf:2    | Noticed Asterion
 41409 | Elf:2    | Received a gift from Trog
 41415 | Elf:2    | Killed Asterion
 41642 | Elf:2    | Reached XP level 21. HP: 190/191 MP: 2/20
 41657 | Elf:2    | Found a huge runed translucent gate.
 41657 | Elf:2    | Found a huge runed translucent gate.
 41657 | Elf:2    | Found a huge runed translucent gate.
 41659 | Elf:2    | Found a huge runed translucent gate.
 41661 | Elf:2    | Found a huge runed translucent gate.
 41832 | Elf:2    | Got a vibrating turquoise ring
 41834 | Elf:2    | Identified the ring "Jyfiroll" {*Slow +Fly Will+ Dex+4
                  | SInv} (You found it on level 2 of the Elven Halls)
 41893 | Elf:2    | Found Xaovvifa's Gadget Emporium.
 42552 | Elf:3    | Entered Level 3 of the Elven Halls
 43005 | Elf:3    | Found a shimmering blue altar of Sif Muna.
 43237 | Elf:3    | Identified the +4 quarterstaff of Veryhic {flame, +Blink
                  | rF- rN+}
 43238 | Elf:3    | Identified the +7 double sword of Konwoc {antimagic, Dex+6}
 43661 | Elf:3    | Identified the ring "Zigul" {rF+ Stlth+}
 43742 | Elf:3    | Identified the +7 dire flail "Arcanum" {spect, *Contam
                  | rElec rPois Dex+4}
 43742 | Elf:3    | Identified the +7 dire flail "Arcanum" {spect, *Contam
                  | rElec rPois Dex+4}
 43784 | Elf:3    | Found the +2 hood of the Assassin {Detection Stab+ Stlth++}
 43835 | Elf:3    | Identified the Compendium of the Glacial Volcanoes
 44203 | Depths:1 | Entered Level 1 of the Depths
 44469 | Depths:1 | Found a one-way gate to the infinite horrors of the Abyss.
 44578 | Depths:1 | Found a one-way gate leading to the halls of Pandemonium.
 44983 | Depths:1 | Found a gateway to Hell.
 45318 | Depths:2 | Found a runed translucent door.
 45495 | Depths:2 | Reached XP level 22. HP: 192/200 MP: 3/21
 45861 | Depths:2 | Identified the amulet of Myucvenext {Reflect *Slow rPois
                  | Int+6 SH+5 Stlth+}
 45875 | Depths:2 | Noticed a caustic shrike
 45887 | Depths:2 | Killed a caustic shrike
 45890 | Depths:2 | Identified the ring "Nyamp" {Ice Str-2 Slay+4 Stlth+}
 46024 | Depths:2 | Got a crude brass ring
 46029 | Depths:2 | Found a burning altar of Makhleb.
 46177 | Depths:2 | Identified the ring "Qics" {*Drain rF- AC+4 Str+10 SInv}
 46330 | Depths:2 | Identified the ring "Urghifoa" {rCorr MP+9 Str+3 Slay+4
                  | Stlth-} (You found it on level 2 of the Depths)
 46727 | Depths:3 | Found the +2 ratskin cloak {*Rats rPois rN+ Str-1 Int-1
                  | Dex+1}
 47004 | Depths:3 | Got a shimmering demon whip
 47109 | Depths:3 | Found a flickering gateway to a bazaar.
 47114 | Bazaar   | Entered a bazaar
 47114 | Bazaar   | Found Rotteun's Antique Weapon Shoppe.
 47114 | Bazaar   | Found Voefi's Distillery.
 47131 | Bazaar   | Bought a runed battleaxe for 190 gold pieces
 47145 | Bazaar   | Found Yngunn's Jewellery Emporium.
 47153 | Bazaar   | Found Cuinguhi's Antique Armour Emporium.
 47163 | Bazaar   | Found Jougyril's General Store.
 47171 | Bazaar   | Bought a scroll of magic mapping for 45 gold pieces
 47171 | Bazaar   | Bought a scroll of brand weapon for 260 gold pieces
 47182 | Bazaar   | Bought a potion of cancellation for 88 gold pieces
 47182 | Bazaar   | Bought a potion of curing for 33 gold pieces
 47182 | Bazaar   | Bought 2 potions of resistance for 220 gold pieces
 47182 | Bazaar   | Bought a potion of might for 44 gold pieces
 47182 | Bazaar   | Bought a potion of might for 44 gold pieces
 47182 | Bazaar   | Bought a potion of heal wounds for 55 gold pieces
 47186 | Bazaar   | Identified the +11 demon whip of Wrongful Imprisonment
                  | {drain, *Corrode rElec Will+} (You found it on level 3 of
                  | the Depths)
 48647 | Depths:4 | Noticed Frederick
 48997 | Depths:4 | Noticed a golden dragon
 49005 | Depths:4 | Killed a golden dragon
 49289 | Depths:3 | Killed Frederick
 49482 | Depths:4 | Noticed a caustic shrike
 49492 | Depths:3 | Killed a caustic shrike
 49493 | Depths:3 | Reached XP level 23. HP: 186/206 MP: 13/22
 49738 | Depths:4 | Received a gift from Trog
 50479 | Depths:4 | Received a gift from Trog
 51594 | Depths:5 | Entered Level 5 of the Depths
 51871 | Depths:5 | Noticed Louise
 51923 | Depths:5 | Cast into level 3 of the Abyss (Louise)
 52121 | Abyss:4  | Found a corrupted altar of Lugonu.
 52199 | Abyss:4  | Received a gift from Trog
 52206 | Depths:5 | Escaped the Abyss
 52215 | Depths:5 | Killed Louise
 52215 | Depths:5 | Gained mutation: Your magical capacity is low. (-10% MP)
                  | [mutagenic glow]
 52234 | Depths:5 | Gained mutation: You occasionally shout uncontrollably at
                  | your foes. [mutagenic glow]
 52325 | Depths:5 | Noticed a juggernaut
 52333 | Depths:5 | Killed a juggernaut
 52334 | Depths:5 | Reached XP level 24. HP: 143/218 MP: 10/19
 52570 | Depths:5 | Found a gateway to a ziggurat.
 52572 | Depths:5 | Paralysed by a floating eye for 2 turns
 53032 | Depths:5 | Found a gate to the Realm of Zot.
 53528 | Vaults:5 | Entered Level 5 of the Vaults
 54966 | Vaults:5 | Found Fezaos's Gadget Shoppe.
 54967 | Vaults:5 | Found Itykaebo's Gadget Shoppe.
 54967 | Vaults:5 | Noticed an ancient lich
 54976 | Vaults:5 | Killed an ancient lich
 54991 | Vaults:5 | Received a gift from Trog
 55104 | Vaults:5 | Found Ogromem's Weapon Shop.
 55430 | Vaults:5 | Reached XP level 25. HP: 154/228 MP: 10/19
 55700 | Vaults:5 | Noticed Sojobo
 55716 | Vaults:5 | Killed Sojobo
 56013 | Vaults:5 | Bought a +2 vampiric broad axe for 360 gold pieces
 56215 | Vaults:5 | Received a gift from Trog
 56427 | Vaults:5 | Found Ischim's Distillery.
 56479 | Vaults:5 | Bought a potion of curing for 36 gold pieces
 56479 | Vaults:5 | Bought 2 potions of heal wounds for 120 gold pieces
 56479 | Vaults:5 | Bought a potion of curing for 36 gold pieces
 56479 | Vaults:5 | Bought a potion of resistance for 120 gold pieces
 56479 | Vaults:5 | Bought a potion of curing for 36 gold pieces
 56479 | Vaults:5 | Bought a potion of heal wounds for 60 gold pieces
 56643 | Vaults:5 | Found Wemyikloa's Armour Shoppe.
 56778 | Vaults:5 | Found Xegholaam's Distillery.
 56782 | Vaults:5 | Got a silver rune of Zot
 56790 | Vaults:5 | Bought a potion of resistance for 130 gold pieces
 56790 | Vaults:5 | Bought a potion of haste for 130 gold pieces
 56790 | Vaults:5 | Bought 2 potions of curing for 78 gold pieces
 56790 | Vaults:5 | Bought a potion of curing for 39 gold pieces
 56790 | Vaults:5 | Bought a potion of curing for 39 gold pieces
 56790 | Vaults:5 | Bought a potion of might for 52 gold pieces
 56790 | Vaults:5 | Bought a potion of heal wounds for 65 gold pieces
 56790 | Vaults:5 | Bought a potion of invisibility for 104 gold pieces
 57231 | Zot:1    | Entered Level 1 of the Realm of Zot
 57235 | Zot:1    | Reached skill level 1 in Shields
 58119 | Zot:1    | Noticed an orb of fire
 58122 | Zot:1    | Gained mutation: You are somewhat resistant to further
                  | mutation. [an orb of fire]
 58132 | Zot:1    | Killed an orb of fire
 58406 | Zot:2    | Received a gift from Trog
 58555 | Zot:2    | Reached XP level 26. HP: 239/239 MP: 10/19
 58709 | Zot:1    | Acquired 796 gold pieces
 59959 | Zot:3    | Noticed an orb of fire
 59966 | Zot:3    | Gained mutation: Armour fits poorly on your strangely
                  | shaped body. [an orb of fire]
 59984 | Zot:3    | Gained mutation: You are frail. (-10% HP) [an orb of fire]
 59998 | Zot:3    | Killed an orb of fire
 60434 | Zot:3    | Received a gift from Trog
 60444 | Zot:3    | Identified the +12 halberd of Optimality {vorpal, Dex+8}
                  | (Trog gifted it to you on level 3 of the Realm of Zot)
 61113 | Zot:4    | Reached XP level 27. HP: 225/225 MP: 10/19
 61742 | Zot:5    | Entered Level 5 of the Realm of Zot
 62326 | Zot:5    | Noticed an ancient lich
 62327 | Zot:5    | Noticed an ancient lich
 62340 | Zot:5    | Killed an ancient lich
 62344 | Zot:5    | Noticed an orb of fire
 62347 | Zot:5    | Noticed an orb of fire
 62347 | Zot:5    | Killed an ancient lich
 62350 | Zot:5    | HP: 10/225 [orb of fire/fireball (14)]
 62351 | Zot:5    | Killed from afar by an orb of fire

Illustrated notes

Levels and vault maps discovered:
D:1:      grunt_arrival_crossed_arrows, layout_basic, minmay_tromino_v4_b
D:2:      layout_basic, regret_index_temple_of_mockery
D:3:      minmay_octagon_keep, layout_rooms,
          chequers_temple_overflow_statue_of_worship
D:4:      layout_loops_ring, ebering_ghost_reflecting_pool, uniq_pikel
D:5:      layout_basic
D:6:      minmay_thinvault, layout_cave_pools,
          minmay_temple_entry_gardened_gates, serial_bayou,
          serial_bayou_shore_b, serial_bayou_pond_c, serial_bayou_crossing,
          serial_bayou_shore_b, uniq_edmund
D:7:      layout_basic, nicolae_overflow_hidden_temple, basic_altar,
          minmay_misc_feat_four_crosses, fedhas_altar_fruit_tree, uniq_duvessa,
          uniq_harold
D:8:      layout_cave_pools, lemuel_round_altar, minmay_lizard_king
D:9:      layout_cave_pools, lemuel_doored_altar
D:10:     layout_basic, orc_david_3
D:11:     layout_basic, erik_lair_orcish_takeover, basic_altar, uniq_psyche
D:12:     layout_loops_cross
D:13:     layout_cave_pools
D:14:     minmay_bubble_buster, layout_loops_ring, david_vaults_1,
          minmay_misc_feat_pillars
D:15:     hangedman_depths_entry_civil_slaughter, layout_basic,
          minmay_misc_feat_diagonals, biasface_ghost_orc_armoury, uniq_rupert
Lair:1:   layout_regular_city, pond, lemuel_fruit_fields
Lair:2:   lemuel_reptile_caves, layout_loops_ring, serial_bayou,
          serial_bayou_lake_a, serial_bayou_pond_d, serial_bayou_pond_a,
          serial_bayou_pond_d, minmay_lair_oklob_chamber, uniq_sonja,
          uniq_gastronok
Lair:3:   layout_hall_layers, skrybe_swamp_entry_bodies,
          minmay_snake_entry_guardpost_small, gammafunk_ghost_necromancy
Lair:4:   layout_roguey
Lair:5:   layout_long_grid, gammafunk_ghost_necromancy, basic_altar,
          small_statue_intersection
Lair:6:   evilmike_catoblepas_cave, layout_misc_corridors, slime_altar_2,
          portal_ice_cave_entry_ice_beasts, grunt_megastairs_5
Swamp:1:  layout_basic_swamp, hangedman_swamp_ruin_wall, swamp_pool5
Swamp:2:  layout_basic_swamp, serial_swamp_ruin, evilmike_swamp_ruin_house_5,
          evilmike_swamp_ruin_house_6, swamp_pool1, hangedman_swamp_cone
Swamp:3:  layout_basic_swamp, nicolae_swamp_godswood, swamp_pool1,
          infiniplex_staircase_pool_2
Swamp:4:  swamp_basic_johnstein, layout_basic_swamp
Snake:1:  layout_grid_maze, basic_altar, grunt_megastairs_4,
          serial_bayou_shore_a
Snake:2:  layout_grid_shapes, serial_shops, nicolae_shop_crystal, shop, shop
Snake:3:  layout_misc_corridors, hangedman_venom_bottle, minmay_shop_grove,
          uniq_nikola
Snake:4:  snake_pit, layout_onion_interference
Orc:1:    layout_diamond_mine
Orc:2:    st_orc_rangers, layout_caves
Elf:1:    eino_elf_arrival_sip, layout_gridlike, serial_shops, shop,
          minmay_elf_sorcery, serial_sigils_hangedman_shear, uniq_aizul
Elf:2:    layout_gridlike, basic_altar, serial_shops, nicolae_shop_waterfront,
          minivault_20, uniq_asterion
Elf:3:    minmay_elf_hall_curves, layout_geoelf_octagon, lemuel_blue_sif_altar
Vaults:1: v_misc_24, nicolae_vaults_little_squares_2,
          ontoclasm_vaults_decontamination, ontoclasm_vaults_loading_screen,
          nicolae_vaults_puzzle_piece, v_misc_23, grunt_vaults_diagonal,
          st_octagons_2, ontoclasm_vaults_ligature,
          hangedman_vaults_corner_blocks, ontoclasm_vaults_ring_large,
          v_pattern_1, v_misc_3, nicolae_vaults_specimen_jars,
          vaults_room_fancy_cross, vaults_mumra_chevron_long,
          layout_vaults_maze_snakey, serial_shops, shop, basic_altar
Vaults:2: blue_anna_dwarven_crypt, nicolae_vaults_network_periphery,
          vaults_dpeg_encased_lava, ontoclasm_vaults_misaligned,
          vaults_dpeg_diagonal, grunt_vaults_funnel, hangedman_vaults_cutoff,
          nicolae_vaults_know_your_exits, v_pattern_3, ontoclasm_vaults_eye,
          v_misc_22, nicolae_vaults_diagonal_hallway_7, layout_vaults_ring
Vaults:3: v_misc_33, hangedman_vaults_unwind, nicolae_vaults_network_quinsquares
          [nicolae_vaults_network_quincunx_subvault,
          nicolae_vaults_network_quincunx_subvault,
          nicolae_vaults_network_quincunx_subvault,
          nicolae_vaults_network_quincunx_subvault], hangedman_vaults_slice,
          ontoclasm_vaults_chip, nicolae_vaults_murderbox, vaults_room_pool,
          ontoclasm_vaults_gateway, serial_ice_g, layout_vaults_omnicross,
          serial_shops, shop, uniq_margery
Vaults:4: nicolae_vaults_sealed_display, v_misc_3, ontoclasm_vaults_ring_square,
          nicolae_vaults_little_squares_6, vaults_mumra_minichess,
          nicolae_vaults_little_squares_4, grunt_vaults_twisty,
          vaults_room_grunt_arrival_ludios, layout_vaults_big_room
Vaults:5: uniq_sojobo
Depths:1: layout_big_octagon, grunt_hell_entry_dis_old, abyss_entry_glasseish,
          skrybe_limestone_x, pan_entry, minmay_microvault
Depths:2: minmay_the_grid_triangle_9x9_recursive_2
          [minmay_the_grid_triangle_9x9_prize_special,
          minmay_the_grid_triangle_9x9_shrine,
          minmay_the_grid_triangle_9x9_longest,
          minmay_the_grid_triangle_9x9_subtriangle], layout_gridlike,
          rand_demon_pan_entry_8, grunt_decor_one_mirror, hell_entry
Depths:3: minmay_skeletal_surprise, layout_gridlike, serial_shops,
          bzr_entry_road, hellmouth_1, rand_demon_pan_entry_5
Depths:4: minmay_nested_s, layout_gridlike, special_room
          [special_room_magic_class], hangedman_abyss_entry_splay,
          grunt_metal_band
Depths:5: evilmike_zot_entry_basic, layout_gridlike, enter_ziggurat_d,
          nicolae_abyss_entry_one_way_or_another, pan_entry, serial_curves,
          eino_curves_02, eino_curves_04, eino_curves_02, eino_curves_02,
          hell_entry
Zot:1:    lemuel_draconian_sentries_small, layout_cathedral_of_symmetry
Zot:2:    cheibrodos_zot_enchanting_chambers, layout_onion_interference
Zot:3:    layout_misc_corridors
Zot:4:    layout_misc_corridors
Zot:5:    layout_cathedral_of_symmetry, grunt_ministairs_13, drop_trap

Skill      XL: |  1  2  3  4  5  6  7  8  9 10 11 12 13 14 15 16 17 18 19 20 21 22 23 24 25 26 27 |
---------------+----------------------------------------------------------------------------------+-----
Axes           | 4 5 6 8 9 11 12 14 15 17 18 19 20 21 23 24 25 | 25.1
Fighting       | 4 5 6 7 8 9 11 12 13 14 15 16 17 18 19 20 21 | 21.5
Armour         | 3 4 5 6 8 9 10 11 13 14 15 16 17 18 19 20 22 | 22.8
Dodging        | 3 4 6 7 8 9 11 12 13 14 15 16 17 19 20 21 | 21.3
Maces & Flails | 1 |  1.5
Polearms       | 2 |  2.3
Stealth        | 3 7 10 16 19 21 23 24 25 | 25.6
Shields        | 4 |  4.0

Action                   |  1- 3 |  4- 6 |  7- 9 | 10-12 | 13-15 | 16-18 | 19-21 | 22-24 | 25-27 || total
-------------------------+-------+-------+-------+-------+-------+-------+-------+-------+-------++-------
Melee: Hand axe          |   102 |   110 |       |       |       |       |       |       |       ||   212
       Headbutt          |    11 |    23 |    43 |    95 |   160 |   231 |   300 |   297 |   285 ||  1445
       War axe           |       |    61 |   232 |    40 |       |       |       |       |     1 ||   334
       Executioner's axe |       |       |       |    74 |       |       |       |       |       ||    74
       Demon whip        |       |       |       |    48 |       |       |       |       |       ||    48
       Battleaxe         |       |       |       |   237 |   723 |   832 |  1024 |   874 |    69 ||  3759
       Broad axe         |       |       |       |       |       |       |       |       |   734 ||   734
Throw: Boomerang         |       |       |       |       |       |       |     1 |       |     1 ||     2
Invok: Berserk           |     3 |     3 |     3 |     5 |    12 |    18 |    16 |    16 |    19 ||    95
       Trog's Hand       |       |     1 |     4 |     5 |    13 |     9 |    24 |    18 |    12 ||    86
       Brothers in Arms  |       |       |     1 |     3 |    12 |     6 |    23 |    13 |     9 ||    67
  Use: Scroll            |     5 |     3 |     2 |    14 |    11 |    13 |    27 |    20 |    23 ||   118
       Potion            |       |       |       |     1 |     4 |     3 |     1 |    10 |     6 ||    25
 Stab: Sleeping          |     1 |       |       |       |       |     9 |    48 |    23 |    12 ||    93
       Petrified         |       |       |       |       |     2 |       |       |       |       ||     2
       Petrifying        |       |       |       |       |     1 |       |       |       |       ||     1
       Distracted        |       |       |       |       |     1 |       |    12 |    12 |     9 ||    34
       Confused          |       |       |       |       |     1 |       |       |       |       ||     1
       Invisible         |       |       |       |       |       |       |       |       |     4 ||     4
Armor: Animal skin       |    21 |    10 |       |       |       |       |       |       |       ||    31
       Ring mail         |       |    40 |    17 |       |       |       |       |       |       ||    57
       Scale mail        |       |       |    57 |       |       |       |       |       |       ||    57
       Chain mail        |       |       |    10 |   174 |   292 |   490 |    27 |       |       ||   993
       Plate armour      |       |       |       |       |       |       |   300 |   425 |   311 ||  1036
Dodge: Dodged            |    76 |   110 |   178 |   334 |   865 |   898 |   528 |   598 |   498 ||  4085
Block: Other             |       |       |       |       |       |       |       |   152 |     9 ||   161
       Reflection        |       |       |       |       |       |       |       |     8 |    10 ||    18
       Buckler           |       |       |       |       |       |       |       |       |   290 ||   290

Table legend: (Time is in decaauts)
 A = Elapsed time spent in this place.
 B = Non-inter-level travel time spent in this place.
 C = Inter-level travel time spent in this place.
 D = Time resting spent in this place.
 E = Time spent auto-exploring this place.
 F = Levels seen in this place.
 G = Mean time per level.
                   A        B        C        D        E       F      G
               +--------+--------+--------+--------+--------+-----+--------+
         Total |  62621 |  56967 |   5654 |  11109 |  29605 |  53 | 1181.5 |
       Dungeon |  17405 |  15859 |   1546 |   2919 |   9821 |  15 | 1160.3 |
          Lair |   7839 |   6986 |    853 |   1348 |   4186 |   6 | 1306.5 |
         Swamp |   4322 |   3909 |    413 |    511 |   2325 |   4 | 1080.5 |
     Snake Pit |   4042 |   3748 |    294 |    515 |   2082 |   4 | 1010.5 |
  Orcish Mines |   1965 |   1697 |    268 |    301 |    856 |   2 |  982.5 |
   Elven Halls |   3696 |   3505 |    191 |    492 |   1713 |   3 | 1232.0 |
        Vaults |   9385 |   8268 |   1117 |   1889 |   3815 |   5 | 1877.0 |
        Depths |   8661 |   7852 |    809 |   1827 |   4062 |   5 | 1732.2 |
           Zot |   4821 |   4661 |    160 |   1283 |    673 |   5 |  964.2 |
         Abyss |    283 |    283 |      0 |      0 |     33 |   2 |  141.5 |
        Bazaar |    103 |    103 |      0 |      2 |     36 |   1 |  103.0 |
      Ice Cave |     95 |     95 |      0 |     17 |      0 |   1 |   95.0 |
               +--------+--------+--------+--------+--------+-----+--------+

Top non-repeatable levels by time:
Depths:3: 2517 daAuts
Vaults:4: 2246 daAuts
Vaults:5: 2164 daAuts
    D:14: 2065 daAuts
Depths:4: 2031 daAuts
  Lair:2: 1963 daAuts
    D:11: 1902 daAuts
Vaults:1: 1860 daAuts
Depths:2: 1622 daAuts
Vaults:3: 1582 daAuts
  Lair:6: 1573 daAuts
Vaults:2: 1531 daAuts
  Lair:3: 1505 daAuts
 Snake:4: 1491 daAuts
     D:6: 1478 daAuts
